 Dungeon Crawl Stone Soup version 0.30-a0-626-gd6a5dd7a1f (webtiles) character file.

Game seed: 8626028907741553252

541 testman the Cudgeller (level 7, -9/68 HPs)
             Began as a Troll Gladiator on Jan 11, 2023.
             Mangled by TwistedFlax's ghost (17 damage)
             ... on level 3 of the Dungeon.
             The game lasted 00:06:56 (3157 turns).

testman the Cudgeller (Troll Gladiator)             Turns: 3157, Time: 00:06:56

Health: -9/68      AC:  4    Str: 25    XL:     7   Next: 5%
Magic:  6/6        EV: 10    Int:  4    God:
Gold:   252        SH:  0    Dex: 11    Spells: 6/6 levels left

rFire   . . .      SeeInvis .    a - +0 flail
rCold   + . .      Faith    .    (no shield)
rNeg    + . .      Spirit   .    b - +0 robe
rPois   .          Reflect  .    c - +0 hat
rElec   .          Harm     .    p - scarf {shadows}
rCorr   .          Rampage  .    (gloves unavailable)
Will    .....                    (boots unavailable)
Stlth   +                        (no amulet)
HPRegen 1.11/turn                j - ring of positive energy
MPRegen 0.10/turn                m - ring of protection from cold

@: flying
A: large, unfitting armour, claws 3, regeneration 1, shaggy fur 1, tough skin 1
a: no special abilities


You were on level 3 of the Dungeon.
You visited 1 branch of the dungeon, and saw 3 of its levels.
You also visited: Sewer.

You collected 252 gold pieces.

Inventory:

Hand Weapons
 a - a +0 flail (weapon)
 s - a +1 mace of protection
Missiles
 d - 3 throwing nets (quivered)
 g - a large rock
 l - 8 poisoned darts
Armour
 b - a +0 robe (worn)
 c - a +0 hat (worn)
 p - a scarf of shadows (worn)
Jewellery
 j - a ring of positive energy (left claw)
 m - a ring of protection from cold (right claw)
Wands
 w - a wand of light (8)
Scrolls
 e - 3 scrolls of blinking
 i - a scroll of poison
 k - 3 scrolls of fog
 t - a scroll of magic mapping {unknown}
 u - a scroll of brand weapon {unknown}
 v - a scroll of enchant armour {unknown}
Potions
 f - a potion of flight
 h - a potion of lignification {unknown}
 n - a potion of heal wounds
 o - a potion of might {unknown}
 q - a potion of degeneration {unknown}
 r - a potion of mutation {unknown}


   Skills:
 + Level 3.9 Fighting
 + Level 4.7 Maces & Flails
 + Level 4.2 Throwing
 - Level 2.4 Dodging


You had 6 spell levels left.
You didn't know any spells.
Your spell library contained the following spells:

 Spells                   Type           Power      Damage    Failure   Level
 Scorch                   Fire           0%         2d5       65%         2
 Flame Wave               Conj/Fire      0%         2d4       99%         4
 Summon Cactus Giant      Summ           0%         N/A       100%        6


Dungeon Overview and Level Annotations

Branches:
Dungeon (3/15)              Sewer (visited)

Altars:

Annotations:
D:3 TwistedFlax's ghost, amateur AtWr


Innate Abilities, Weirdness & Mutations

You are too large for most types of armour.
You have claws for hands.
Your natural rate of healing is unusually fast.
You are covered in fur. (AC +1)
You have tough skin. (AC +1)


Message History

You sock the orc!
You kill the orc!
You feel very sick.
TwistedFlax's ghost ripples.
You closely miss the orc.
You feel sick. The orc hits you with a +0 whip. x2
You closely miss the orc.
You feel sick. The orc hits you with a +0 whip.
You sock the orc!
You kill the orc!
You feel sick.
You barely miss TwistedFlax's ghost.
You feel sick.
TwistedFlax's ghost hits you but does no damage.
You barely miss TwistedFlax's ghost.
You feel sick. TwistedFlax's ghost barely misses you.
You hit TwistedFlax's ghost but do no damage.
You feel sick.
You are no longer poisoned.
TwistedFlax's ghost hits you!
You are too injured to fight recklessly!
You are too injured to fight recklessly!
You are too injured to fight recklessly!
You are too injured to fight recklessly!
You hit TwistedFlax's ghost.
TwistedFlax's ghost is lightly damaged.
TwistedFlax's ghost hits you. TwistedFlax's ghost hits you!
* * * LOW HITPOINT WARNING * * *
It was a potion of flight.
You feel very buoyant.
You fly up into the air.
TwistedFlax's ghost hits you!
* * * LOW HITPOINT WARNING * * *
It was a potion of heal wounds.
You feel much better. TwistedFlax's ghost barely misses you.
You hit TwistedFlax's ghost but do no damage.
TwistedFlax's ghost is lightly damaged.
TwistedFlax's ghost hits you!
You barely miss TwistedFlax's ghost.
TwistedFlax's ghost is lightly damaged.
TwistedFlax's ghost hits you!!
* * * LOW HITPOINT WARNING * * *
You are electrocuted!
You die...

#..............# #
#........####### #
#........# #
##.......#.............#
##......#.#8#..8..#8#.#
#####.##.###.ooo.###.#
#.##....#####....#
#.##..o..........#
#@#######'''######
#W#8.............8
#.....W...........
##...o.....#######
###########


You could see TwistedFlax's ghost.

Vanquished Creatures
  Grinder (D:3)
  2 bullfrogs (Sewer)
  Ijyb (D:3)
  8 adders
  4 worms
  A dart slug (D:1)
  6 orcs (D:3)
  3 endoplasms (D:2)
  8 giant cockroaches
  9 goblins
  2 hobgoblins
  4 jackals (D:2)
  10 quokkas (Sewer)
  10 ball pythons
  5 bats
  14 frilled lizards
  5 kobolds
  11 rats
104 creatures vanquished.

Notes
Turn   | Place    | Note
-------+----------+-------------------------------------------
     0 | D:1      | testman the Troll Gladiator began the quest for the Orb.
     0 | D:1      | Reached XP level 1. HP: 19/19 MP: 0/0
   225 | D:1      | Reached XP level 2. HP: 28/28 MP: 1/1
   250 | D:1      | Found a faded altar of an unknown god.
   946 | D:2      | Reached XP level 3. HP: 22/35 MP: 2/2
  1500 | D:2      | Reached XP level 4. HP: 44/44 MP: 3/3
  1772 | D:3      | Identified the +8 shortbow of Luwo {heavy, Dex+6}
  1833 | D:3      | Noticed Grinder
  1834 | D:3      | Paralysed by Grinder for 3 turns
  1838 | D:3      | Noticed Ijyb
  1842 | D:3      | Paralysed by Grinder for 2 turns
  1860 | D:3      | Killed Ijyb
  1862 | D:3      | Paralysed by Grinder for 2 turns
  1872 | D:3      | Killed Grinder
  1873 | D:3      | Reached XP level 5. HP: 43/53 MP: 4/4
  1873 | D:3      | Reached XP level 6. HP: 49/61 MP: 5/5
  1887 | D:3      | Found a glowing drain.
  1893 | Sewer    | Entered a sewer
  2293 | Sewer    | Reached XP level 7. HP: 66/68 MP: 6/6
  2942 | D:3      | Found a runed translucent gate.
  2942 | D:3      | Noticed TwistedFlax's ghost (amateur AtWr)
  2943 | D:3      | Found a runed translucent gate.
  2944 | D:3      | Found a runed translucent gate.
  2949 | D:3      | Identified the +7 whip "Zilicv Xawn" {venom, rF+ Dex+3}
  2949 | D:3      | Identified the +3 scale mail of Beyond {Str+5 Int+6}
  3154 | D:3      | HP: 1/68 [TwistedFlax's ghost (13)]
  3157 | D:3      | Mangled by TwistedFlax's ghost

Illustrated notes

Levels and vault maps discovered:
D:1:      wander_arrival_chamber, layout_basic, basic_ecumenical_altar,
          minmay_indecisive_spiral
D:2:      minmay_evil_eye, layout_basic, minmay_tromino_i4
D:3:      layout_rooms, cheibrodos_sewer_entry_drain,
          biasface_ghost_orc_armoury, grunt_ministairs_12, uniq_ijyb,
          uniq_grinder

Skill      XL: |  1  2  3  4  5  6 |
---------------+-------------------+-----
Throwing       | 2 3 4 |  4.2
Fighting       | 2 3 |  3.9
Maces & Flails | 3 4 |  4.7
Dodging        | |  2.4

Action                   |  1- 3 |  4- 6 |  7- 9 || total
-------------------------+-------+-------+-------++-------
Melee: Flail             |   141 |   196 |    53 ||   390
       Punch             |     4 |     1 |     1 ||     6
Throw: Large rock        |       |     1 |       ||     1
  Use: Scroll            |       |     5 |       ||     5
       Potion            |       |       |     2 ||     2
 Stab: Sleeping          |     1 |     1 |       ||     2
Armor: Robe              |    61 |    98 |    39 ||   198
Dodge: Dodged            |    69 |   162 |    32 ||   263

Table legend: (Time is in decaauts)
 A = Elapsed time spent in this place.
 B = Non-inter-level travel time spent in this place.
 C = Inter-level travel time spent in this place.
 D = Time resting spent in this place.
 E = Time spent auto-exploring this place.
 F = Levels seen in this place.
 G = Mean time per level.
                   A        B        C        D        E       F      G
               +--------+--------+--------+--------+--------+-----+--------+
         Total |   3239 |   3151 |     88 |      0 |   2190 |   4 |  809.8 |
       Dungeon |   2519 |   2431 |     88 |      0 |   1875 |   3 |  839.7 |
         Sewer |    719 |    719 |      0 |      0 |    315 |   1 |  719.0 |
               +--------+--------+--------+--------+--------+-----+--------+

Top non-repeatable levels by time:
     D:2: 909 daAuts
     D:1: 891 daAuts
   Sewer: 719 daAuts
     D:3: 718 daAuts
